 Dungeon Crawl Stone Soup version 0.30-b1-2-g02819fbbbe (webtiles) character file.

Game seed: 7340134548172526099

410 Shirokaze the Covered (level 6, -2/55 HPs)
             Began as an Armataur Fighter on May 26, 2023.
             Slain by a killer bee (3 damage)
             ... on level 4 of the Dungeon.
             The game lasted 00:15:42 (2233 turns).

Shirokaze the Covered (Armataur Fighter)            Turns: 2233, Time: 00:15:43

Health: -2/55      AC: 10    Str: 23    XL:     6   Next: 58%
Magic:  0/6        EV:  6    Int:  9    God:
Gold:   120        SH:  5    Dex: 15    Spells: 5/5 levels left

rFire   . . .        a - +0 war axe
rCold   . . .        c - +0 buckler
rNeg    . . .        e - +0 chain mail
rPois   .            (no helmet)
rElec   .            i - +0 cloak
rCorr   .            (no gloves)
SInv    .            (no barding)
Will    .....        l - amulet of guardian spirit Stlth
                     p - +6 ring of dexterity
HPRegen 0.29/turn    (no ring)
MPRegen 0.10/turn

%: guardian spirit, roll
@: lethally poisoned (-2 -> -9), about to teleport
A: large, rugged brown scales 3, deformed body, armoured tail, roll, long
tongue, awkward tongue
a: no special abilities


You were on level 4 of the Dungeon.
You visited 1 branch of the dungeon, and saw 5 of its levels.

You collected 146 gold pieces.
You spent 26 gold pieces at shops.

Inventory:

Hand Weapons
 a - a +0 war axe (weapon)
Armour
 c - a +0 buckler (worn)
 e - a +0 chain mail (worn)
 i - a +0 cloak (worn)
Jewellery
 l - an amulet of guardian spirit (around neck)
 p - a +6 ring of dexterity (left hand)
Scrolls
 b - a scroll of fog {unknown}
 d - a scroll of butterflies {unknown}
 f - a scroll of blinking {unknown}
 j - a scroll of enchant armour {unknown}
 m - a scroll of fear {unknown}
 o - 3 scrolls of identify
Potions
 h - a potion of mutation {unknown}
 k - a potion of magic
 n - a potion of attraction {unknown}


   Skills:
 + Level 4.1 Fighting
 + Level 3.7 Axes
 + Level 5.3 Armour
 - Level 0.6 Dodging
 + Level 4.0 Shields
 * Level 0.4 Spellcasting


You had 5 spell levels left.
You didn't know any spells.
Your spell library contained the following spells:

 Spells                   Type           Power      Damage    Failure   Level
 Apportation              Tloc           0%         N/A       95%         1
 Call Canine Familiar     Summ           0%         N/A       100%        3
 Portal Projectile        Hex/Tloc       0%         N/A       100%        3
 Leda's Liquefaction      Hex/Erth       0%         N/A       100%        4
 Alistair's Intoxication  Tmut/Pois      0%         N/A       100%        5


Dungeon Overview and Level Annotations

Branches:
Dungeon (5/15)
 Temple: D:4-7

Altars:
Wu Jian

Shops:
D:1 *(


Innate Abilities, Weirdness & Mutations

You are completely covered in rugged brown scales. (AC +3, +7% HP)
Armour fits poorly on your strangely shaped body.
You have a long armoured tail.
You roll when moving toward enemies. (Rampage)
Your long tongue fully drains potion bottles. (2x potion effects)
Your tongue gives you trouble enunciating. (1.5x scroll delay)


Message History

The killer bee stings you but does no damage.
You block the killer bee's attack.
There is a stone staircase leading up here.
You feel sick. The killer bee stings you. x2
You block the killer bee's attack.
The killer bee stings you but does no damage.
The killer bee stings you.
You are more poisoned.
The killer bee poisons you!
The killer bee stings you but does no damage.
You climb upwards.
You hear the hiss of flowing sand.
There is an entrance to an ossuary on this level.
Hurry and find it before the portal is buried!
The orc shouts! x3; The orc priest shouts!
You feel very sick.
Found a stone staircase leading down.
There is a stone staircase leading down here.
As you slowly read the scroll of teleportation, it crumbles to dust.
You feel strangely unstable.
You feel very sick.
The killer bee stings you but does no damage.
The killer bee stings you!
* * * LOW HITPOINT WARNING * * *
The killer bee barely misses you.
The killer bee stings you but does no damage.
The killer bee stings you.
* * * LOW HITPOINT WARNING * * *
The killer bee stings you but does no damage.
An orc comes into view. It is wielding a +0 whip.
The killer bee stings you.
* * * LOW HITPOINT WARNING * * *
The killer bee closely misses you. The killer bee stings you.
* * * LOW HITPOINT WARNING * * *
* * * LOW HITPOINT WARNING * * *
You feel very sick.
The orc shouts!
The killer bee completely misses you. You block the killer bee's attack.
The killer bee attacks as you move away!
The killer bee stings you.
You die...

### #..##+###
#.......
#...... #.....
#...#
..###..@##.####
.oo.Oosyy......
..o.....y......
...o...........
..........>....
.####.####...##
#+ ...# .....
....


You could see an ogre, a scorpion, 3 killer bees, an orc priest and 4 orcs.

Vanquished Creatures
  Sigmund (D:1)
  A hound (D:3)
  Crazy Yiuf (D:2)
  Jessica (D:2)
  Natasha (D:1)
  A gnoll (D:1)
  5 adders
  3 worms (D:2)
  2 dart slugs
  An orc (D:3)
  7 endoplasms
  2 giant cockroaches (D:1)
  9 goblins
  7 hobgoblins
  3 jackals (D:1)
  2 quokkas
  3 ball pythons
  4 bats
  3 frilled lizards
  11 kobolds
  5 rats
73 creatures vanquished.

Vanquished Creatures (others)
  18 plants (D:3)
18 creatures vanquished.

Grand Total: 91 creatures vanquished

Notes
Turn   | Place    | Note
-------+----------+-------------------------------------------
     0 | D:1      | Shirokaze the Armataur Fighter began the quest for the Orb.
     0 | D:1      | Reached XP level 1. HP: 19/19 MP: 1/1
   212 | D:1      | Reached XP level 2. HP: 25/26 MP: 2/2
   266 | D:1      | Found Leregh's General Store.
   282 | D:1      | Reached skill level 4 in Armour
   482 | D:1      | Found Noewn's Weapon Shoppe.
   654 | D:1      | Reached XP level 3. HP: 28/33 MP: 3/3
   881 | D:1      | Bought a scroll of identify for 26 gold pieces
   913 | D:2      | Noticed Natasha
   940 | D:1      | Killed Natasha
  1047 | D:2      | Reached XP level 4. HP: 28/40 MP: 4/4
  1125 | D:2      | Noticed Jessica
  1130 | D:2      | Killed Jessica
  1227 | D:2      | Found a faded altar of an unknown god.
  1420 | D:2      | Reached XP level 5. HP: 48/48 MP: 5/5
  1454 | D:2      | Noticed Sigmund
  1504 | D:1      | Killed Sigmund
  1505 | D:1      | Reached skill level 5 in Armour
  1505 | D:1      | Reached XP level 6. HP: 34/55 MP: 6/6
  1767 | D:2      | Found a runed translucent door.
  1845 | D:2      | Noticed Crazy Yiuf
  1858 | D:2      | Killed Crazy Yiuf
  2100 | D:3      | Found an ornate altar of the Wu Jian Council.
  2221 | D:3      | You fall into a shaft and drop 2 floors!
  2221 | D:5      | Entered Level 5 of the Dungeon
  2232 | D:4      | HP: 1/55 [poisoned by a killer bee]
  2233 | D:4      | Slain by a killer bee

Illustrated notes

Levels and vault maps discovered:
D:1:      evilmike_arrival_hilbert_curve, layout_loops_ring, serial_shops,
          nicolae_shop_real_fake_doors, shop, hangedman_glass_teeth
D:2:      layout_rooms, ebering_ecumenical_altar_sacrificial,
          minmay_misc_feat_pillars, uniq_sigmund, uniq_natasha, uniq_jessica,
          uniq_crazy_yiuf_cottage
D:3:      layout_basic, mainiacjoe_overflow_brackets,
          nicolae_gozag_cash_rules_everything_around_me, general_overflow_altar,
          serial_bayou, serial_bayou_lake_a, serial_bayou_lagoon_a,
          serial_bayou_crossing, serial_bayou_pond_a, dk_noncrumbling_4,
          serial_park_tiny_1
D:4:      layout_gridville, nicolae_ossuary_entry_plus
D:5:      layout_cave_pods

Skill      XL: |  1  2  3  4  5  6 |
---------------+-------------------+-----
Armour         | 4 5 |  5.3
Fighting       | 3 4 |  4.1
Axes           | 2 3 |  3.7
Shields        | 4 |  4.0
Dodging        | |  0.6
Spellcasting   | |  0.4

Action                     |  1- 3 |  4- 6 || total
---------------------------+-------+-------++-------
  Melee: War axe           |    83 |   132 ||   215
         Tailslap          |     1 |    10 ||    11
    Use: Potion            |     2 |     2 ||     4
         Scroll            |     1 |     4 ||     5
 Armour: Chain mail        |    58 |    79 ||   137
         Skin              |       |    20 ||    20
  Dodge: Dodged            |    22 |    42 ||    64
  Block: Buckler           |    21 |    40 ||    61
